 Dungeon Crawl Stone Soup version 0.26.1-11-gd32895ea62 (webtiles) character file.

Game seed: 12186104443519810137

96 Zeld the Sneak (level 4, -2/29 HPs)
             Began as an Octopode Brigand on May 16, 2021.
             Slain by a white imp (3 damage)
             ... on level 6 of the Dungeon.
             The game lasted 00:01:48 (1960 turns).

Zeld the Sneak (Octopode Brigand)                   Turns: 1960, Time: 00:01:49

Health: -2/29      AC:  1    Str:  9 (11) XL:     4   Next: 67%
Magic:  6/6        EV: 12    Int: 11 (13) God:
Gold:   84         SH:  0    Dex: 12 (13) Spells: 6/6 levels left

rFire    . . .     SeeInvis .   a - +2 dagger
rCold    . . .     Faith    .   (no shield)
rNeg     . . .     Spirit   .   (helmet restricted)
rPois    .         Reflect  .   (no amulet)
rElec    .         Harm     .   (no ring)
rCorr    .         Rampage  .   (no ring)
Will     .....                  (no ring)
Stlth    ++++......             (no ring)
HPRegen  0.09/turn              (no ring)
MPRegen  0.10/turn              (no ring)
                                (no ring)
                                (no ring)

@: lethally poisoned (-2 -> -5)
A: almost no armour, stealthy swim, amphibious, 8 rings, constrict 8, camouflage
1, gelatinous body 1
a: no special abilities


You were on level 6 of the Dungeon.
You visited 1 branch of the dungeon, and saw 6 of its levels.

You collected 84 gold pieces.

Inventory:

Hand Weapons
 a - a +2 dagger (weapon)
Missiles
 b - 13 poisoned darts (quivered)
 c - 2 curare-tipped darts
 f - 4 datura-tipped darts
Scrolls
 d - 2 scrolls of noise {unknown}
 h - a scroll of teleportation {unknown}
 k - a scroll of fog {unknown}
Potions
 e - a potion of curing {unknown}
 g - a potion of cancellation {unknown}
 i - a potion of berserk rage {unknown}
 j - a potion of degeneration


   Skills:
 - Level 2.0 Fighting
 - Level 2.0 Short Blades
 * Level 4.0 Throwing
 - Level 1.0 Dodging
 - Level 5.3 Stealth
 + Level 1.9 Spellcasting


You had 6 spell levels left.
You didn't know any spells.
Your spell library was empty.

Dungeon Overview and Level Annotations

Branches:
Dungeon (6/15)
 Temple: D:4-7

Altars:

Annotations:
D:3 Robin
D:4 Sigmund


Innate Abilities, Weirdness & Mutations

You cannot wear most types of armour.
You are very stealthy in the water. (Stealth+)
You are amphibious.
You can wear up to eight rings at the same time.
You can use your tentacles to constrict eight enemies at once.
Your skin changes colour to match your surroundings (Stealth+).
Your rubbery body absorbs attacks. (AC +1, EV +1)


Message History

You hit the white imp. Your grab misses the white imp.
You squeeze the white imp.
The white imp is moderately wounded.
The jackal bites you.
The white imp shouts, "Despond, thou reeling-ripe tickle-brained slabber!"
The white imp gestures at you. The puff of frost hits you!
* * * LOW HITPOINT WARNING * * *
You are too injured to fight recklessly!
You are too injured to fight recklessly!
* * * LOW HITPOINT WARNING * * *
You feel sick. The jackal closely misses you.
It was a potion of degeneration.
There was something very wrong with that liquid.
You feel weakened.
You feel dopey.
You feel clumsy.
The jackal bites you but does no damage.
The white imp hits you.
* * * LOW HITPOINT WARNING * * *
The white imp freezes you.
You die...

#.............#
#.###########.#
#.# #.# #
##.####### #.#
#.#.........
#.####
.####.#..#######
#.....
......#..#
######
.........#### #
$.......@...# #
.....##5h##.# .#
# ..... #†.# ..
...## # ....
#.h# ###.... #
... #Z.. ....#.
#### #.# #.###
#....##?.. ...
#.#.....#. ...
#...[#.... .#.
#.#.....#.


You could see a white imp, 2 jackals and a leopard gecko skeleton.

Vanquished Creatures
  A hound (D:4)
  3 adders
  2 dart slugs (D:4)
  A leopard gecko (D:4)
  3 orcs (D:3)
  2 giant cockroaches
  5 goblins
  2 hobgoblins (D:3)
  5 jackals (D:3)
  A quokka (D:2)
  4 bats
  2 kobolds
31 creatures vanquished.

Notes
Turn   | Place    | Note
-------+----------+-------------------------------------------
     0 | D:1      | Zeld the Octopode Brigand began the quest for the Orb.
     0 | D:1      | Reached XP level 1. HP: 14/14 MP: 1/1
   125 | D:2      | Reached XP level 2. HP: 19/19 MP: 1/3
   507 | D:3      | Reached skill level 1 in Spellcasting
   507 | D:3      | Reached XP level 3. HP: 10/24 MP: 4/4
  1245 | D:3      | Noticed Robin
  1633 | D:4      | Noticed Sigmund
  1678 | D:4      | Reached XP level 4. HP: 22/29 MP: 6/6
  1814 | D:5      | Entered Level 5 of the Dungeon
  1960 | D:6      | HP: 1/29 [white imp (2)]
  1960 | D:6      | Slain by a white imp

Illustrated notes

Levels and vault maps discovered:
D:1:      dpeg_arrival_water_fire, layout_basic
D:2:      layout_loops_ring
D:3:      wad_crossroads, layout_loops_ring, uniq_jessica, uniq_robin
D:4:      layout_basic, supply_closet_lemuel, uniq_ijyb, uniq_sigmund
D:5:      layout_loops_cross, grunt_temple_overflow_forces_of_nature,
          grunt_temple_overflow_open, serial_shops, nicolae_shop_trees
D:6:      layout_loops_ring, minmay_temple_entry_enclosed_plants,
          cheibrodos_sewer_entry_sluice, serial_shops, shop, chequers_garden,
          minmay_misc_feat_five

Skill      XL: |  1  2  3  4 |
---------------+-------------+-----
Throwing       | 3 4 |  4.0
Spellcasting   | 1 |  1.9
Fighting       | |  2.0
Short Blades   | |  2.0
Dodging        | |  1.0
Stealth        | |  5.3

Action                   |  1- 3 |  4- 6 || total
-------------------------+-------+-------++-------
Melee: Dagger            |    57 |    11 ||    68
       Constrict         |    16 |     2 ||    18
       Tentacles         |     8 |     4 ||    12
  Use: Potion            |       |     1 ||     1
 Stab: Sleeping          |     9 |     1 ||    10
Armor: Skin              |     4 |     2 ||     6
Dodge: Dodged            |    32 |     7 ||    39
